 BcadrenCrawl: Boulder Brew version 0.03.2.1-57-gb351b3c6d7 (webtiles) character file.

Game seed: 151680054536804666, levelgen mode: deterministic

28445 esc the Grappler (level 13, -2/116 HPs) Silver Draconian Demonspawn. Began on Feb 4, 2021. Slain by a reaper ... wielding a cursed +2 scythe of freezing {(Curse: MR-)} (15 damage) ... in an ice cave. The game lasted 00:19:38 (7008 turns).

esc the Grappler (Silver Draconian Demonspawn)      Turns: 7008, Time: 00:19:38

Health: -2/116     AC: 18    Str: 27    XL:     13 ^: 23829
Magic:  15/15      EV: 16    Int: 17    God:
Gold:   996        SH:  0    Dex: 11    Spells: 13/14 levels left

rFire    . . .     Vision   .     - Unarmed
rCold    . . .     Gourm    .     - Unarmed
rNeg     . . .     Faith    .   (armour unavailable)
rPois    .         Spirit   .   (helmet restricted)
rElec    .         Reflect  .   f - +2 cloak
rCorr    +         Harm     +   D - +0 pair of clawed gauntlets
MR       .....                  (no boots)
Stlth    ++........             A - amulet of harm
HPRegen  0.48/turn              i - ring of strength
MPRegen  0.25/turn              n - ring of resist corrosion

@: mighty, hasted and slowed
A: no body armour, unfitting armour, horns 2, icy blue scales 1, demonic
guardian 2, powered by death 1, cold-blooded, boosted axes & hammers aptitude,
boosted shields aptitude, earth enhancer 2, AC++, rMut, AC +13
a: Breathe Silver Splinters


You were in an ice cave.
You were not hungry.

You visited 2 branches of the dungeon, and saw 9 of its levels.
You also visited: Ice Cave.

You collected 996 gold pieces.

Inventory:

Shields
 B - the +7 targe "Embalmer" {crush, MP+9 Str-5 Int+8}
   (You found it on level 7 of the Dungeon)

   Base shield rating: 7 Skill to remove penalty: 17.5 It affects your strength
   (-5).
   It affects your intelligence (+8).
   It affects your magic capacity (+9).
Armour
 f - a +2 cloak (worn)
 D - a +0 pair of clawed gauntlets (worn)
Jewellery
 i - a ring of strength (left claw)
 n - a ring of resist corrosion (right claw)
 o - an uncursed ring of magical power
 t - an uncursed ring of fire
 y - the ring of the Mage {Wiz MR++ Int+3}
   (You found it on level 5 of the Dungeon)

   [ring of wizardry]

   It improves your spell success rate.
   It affects your intelligence (+3).
   It affects your resistance to hostile enchantments.
 z - a cursed amulet of guardian spirit {(Curse: *Contam)}
 A - an amulet of harm (around neck)
 E - an uncursed ring of poison resistance
Wands
 j - a wand of flame (32)
 v - a wand of acid (3)
 x - a wand of healing
 G - a wand of polymorph (1)
Scrolls
 c - a scroll of summoning
 h - 7 scrolls of enchantment
 k - 5 scrolls of teleportation
 l - 2 scrolls of amnesia
 m - 2 scrolls of fog
 q - 3 scrolls of fear
 w - 4 scrolls of blinking
 C - a scroll of magic mapping
Potions
 a - 4 potions of magic
 d - 2 potions of invisibility
 e - 8 potions of curing
 g - 2 potions of ambrosia
 r - 2 potions of brilliance
Comestibles
 b - 26 rations


   Skills:
 + Level 11.6 Fighting
 + Level 8.7 Dodging
 - Level 1.3 Stealth
 * Level 13.7 Unarmed Combat
 - Level 1.3 Spellcasting
 - Level 1.5 Fire Magic
   Level 3.0 Invocations


You had 13 spell levels left.
You knew the following spells:

 Your Spells              Type           Power        Failure   Level  Hunger
a - Flame Tongue          Fire           6 (30)       11%         1    ##.....

Your spell library contained the following spells:

 Spells                   Type           Power        Failure   Level  Hunger
 Magic Candle             Hex/Fire       3 (90)       16%         1    ##.....
 Poisonous Vapours        Pois/Air       1 (50)       21%         1    ##.....
 Sandblast                Erth           2 (50)       21%         1    ##.....
 Blink                    Tloc           N/A          30%         2    ###....
 Call Imp                 Summ           1 (100)      30%         2    ###....
 Ensorcelled Hibernation  Hex/Ice        1 (50)       30%         2    ###....
 Passwall                 Tmut/Erth      2 (120)      30%         2    ###....
 Slow                     Hex            1 (100)      30%         2    ###....
 Conjure Flame            Fire           6 (100)      32%         3    ####...
 Blinding Spray           Hex/Pois       1 (50)       52%         3    ####...
 Confuse                  Hex            1 (100)      52%         3    ####...
 Mephitic Cloud           Pois/Air       1 (100)      52%         3    ####...
 Stone Arrow              Erth           2 (50)       52%         3    ####...
 Tukima's Dance           Hex            1 (100)      52%         3    ####...
 Fulminant Prism          Hex            1 (200)      90%         4    #####..
 Petrify                  Tmut/Erth      2 (100)      90%         4    #####..
 Still Winds              Hex/Air        1 (200)      90%         4    #####..
 Lee's Rapid Deconstruct  Erth           2 (200)      99%         5    ######.
 Methodical Deconstructi  Erth           2 (200)      99%         5    ######.
 Freezing Cloud           Ice/Air        1 (200)      100%        6    #######
 Ring of Flames           Chrm/Fire      3 (200)      100%        6    #######


Dungeon Overview and Level Annotations

Branches:
Dungeon (8/8)              Temple (1/1) D:4            Lair (0/6) D:5
    Orc (0/2) D:6          Vaults (0/5) D:7           IceCv (1/1)
 Depths: D:8

Altars:
Ashenzari
Cheibriados
Dithmenos
Elyvilon
Hepliaklqana
Kikubaaqudgha
Nemelex Xobeh
Okawaru
Ru
Uskayaw
Vehumet
Wu Jian
Xom
Yredelemnul
The Shining One

Shops:
D:2 ((   D:6 (


Innate Abilities, Weirdness & Mutations

You cannot fit into any form of body armour.
Your gleaming silver scales are hard. (AC +13)
You can breathe silver splinters, which deal bonus damage to chaotic creatures.
You have a pair of horns on your head.
You are partially covered in icy blue scales. (AC +2)
A demonic guardian rushes to your aid.
You regenerate a little health from kills.
You are cold-blooded and may be slowed by cold attacks.
You are naturally skilled at Axes & Hammers (Aptitude +3).
You are naturally skilled at Shields (Aptitude +3).
You are strongly in touch with the powers of the earth.
Your gleaming silver scales boost your physical defenses and make you resistant to mutation. (AC++, rMut)


Message History

You feel yourself slow down.
You are engulfed in freezing vapours (15)!
You feel as though you will be slow longer.
All of the chunks of flesh in your inventory have rotted away.
A reaper comes into view.
It is wielding a cursed +2 scythe of freezing {(Curse: MR-)}.
Evoke which item? (* to show all) (? for menu, Esc to quit)
Aiming: Wand Healing
Press: ? - help, Shift-Dir - straight line, f - you Your wounds heal themselves!
The healing mist hits you.
Your wounds heal themselves!
Wand is now empty.
Okay, then.
You feel yourself speed up.
You feel very mighty all of a sudden.
Your orange demon stings the reaper but does no damage.
Your orange demon stings the reaper but does no damage.
The reaper hits you from afar with a cursed +2 scythe of freezing {(Curse: MR-)} (29)!!
* * * LOW HITPOINT WARNING * * *
The reaper freezes you (13)!
You die...

#.○.........### ####..#
#.§°§...☼§##..§§###
#..#
§○○☼°§####.§##..§§§##
##..
#.5§..§°#.§.§..§.#§..☼#
##.
..§°§°.##☼§☼§..###○○.§#
##..
..○○.§##§°§○..##.°.☼°§#
##... ......
§.#......§§§## #...# °
#..###☼○§## #...#
#4@..##### ##...
#......# ##...
..2.##.## ##.... #.....
## #...∩. ###.## #.....
.. ##..∩. [= ##... ###
####


You could see a reaper and a friendly orange demon.

Vanquished Creatures
  Agnes (D:8)
  Louise (D:7)
  A fire dragon (D:8)
  An ogre mage (D:7)
  A boulder beetle (D:7)
  An unseen horror (D:6)
  A vault guard (D:7)
  4 two-headed ogres
  A tengu warrior (D:7)
  A centaur warrior (D:7)
  A wizard (D:7)
  3 manticores
  A guardian serpent (shapeshifter) (D:7)
  2 deep elf magi
  2 ugly things (D:6)
  A gargoyle (D:7)
  2 ice statues (IceCv)
  7 ice devils (IceCv)
  2 trolls
  A yaktaur (D:8)
  A kobold demonologist (D:6)
  2 komodo dragons
  A wraith (D:6)
  3 cyclopes
  Grum (D:4)
  4 hippogriffs
  6 yaks
  2 shadows
  2 guardian mummies (D:3)
  2 war dogs (D:4)
  A basilisk (D:7)
  Eustachio (D:3)
  An acid dragon (D:6)
  A hungry ghost (D:6)
  A warg (D:6)
  2 phantoms
  8 orc warriors
  A hell hound (D:3)
  3 porcupines
  5 scorpions
  A black bear (D:5)
  An ice beast (D:5)
  4 sky beasts
  An eye of draining (D:7)
  7 ogres
  A rock worm zombie (D:7)
  4 big kobolds
  9 bullfrogs
  2 meliai zombies
  A harpy skeleton (D:7)
  4 centaurs
  A howler monkey (D:4)
  10 wights
  A hornet zombie (D:6)
  2 vampire bats (D:5)
  7 orc priests
  6 hounds
  8 jellies
  6 orc wizards
  9 mummies (D:3)
  6 worker ants
  An iguana (D:4)
  A wyvern zombie (D:4)
  6 hell rats (D:3)
  2 wyvern skeletons
  7 giant cockroaches
  3 bullfrog zombies
  A bullfrog skeleton (D:4)
  7 gnolls (D:3)
  A shadow imp (D:4)
  11 adders
  6 sewer rats (D:2)
  9 white imps
  A spectral giant cockroach (D:3)
  5 spectral hell rats (D:3)
  8 cinder newts
  4 worms
  8 ufetubi (IceCv)
  A howler monkey skeleton (D:5)
  2 oozes (D:2)
  A worker ant simulacrum (D:3)
  4 dart slugs
  5 leopard geckos
  31 orcs
  A spectral adder (D:3)
  4 adder skeletons
  2 cinder newt skeletons (D:2)
  4 goblins
  4 hobgoblins
  8 jackals
  10 kobolds
  2 quokkas (D:6)
  7 ball pythons
  A ball python simulacrum (D:3)
  9 bats
  4 bat skeletons (D:5)
  2 bat zombies (D:5)
  A kobold skeleton (D:2)
  A leopard gecko simulacrum (D:3)
  9 rats
  2 spectral orcs (D:3)
  A spectral quokka (D:3)
  A butterfly (D:6)
372 creatures vanquished.

Vanquished Creatures (collateral kills)
  A tengu warrior (D:7)
  A yak (D:5)
  2 war dogs (D:4)
  Purgy (D:2)
  An ice beast (D:6)
  A black bear (D:4)
  An ogre (D:4)
  A harpy zombie (D:7)
  3 howler monkeys
  A wight (D:4)
  An orc wizard (D:4)
  A bullfrog zombie (D:5)
  A sewer rat (D:1)
  A leopard gecko (D:4)
  3 orcs
  A goblin (D:6)
  A jackal (D:5)
  A kobold skeleton (D:2)
23 creatures vanquished.

Vanquished Creatures (others)
  4 white imps (IceCv)
  2 ufetubi (IceCv)
  A howler monkey simulacrum (D:3)
  A worker ant simulacrum (D:3)
  A plant (D:5)
  91 withered plants (D:2)
100 creatures vanquished.

Grand Total: 495 creatures vanquished

Notes
Turn   | Place    | Note
-------+----------+-------------------------------------------
     0 | D:1      | esc the Immature Draconian Demonspawn began the quest for
                  | the Orb.
     0 | D:1      | Reached XP level 1. HP: 16/16 MP: 3/3
    15 | D:1      | Reached skill level 2 in Unarmed Combat
    71 | D:1      | Gained mutation: A weak demonic guardian rushes to your
                  | aid. [demonic ancestry]
    71 | D:1      | Reached XP level 2. HP: 23/23 MP: 4/4
   154 | D:1      | Reached skill level 3 in Unarmed Combat
   154 | D:1      | Reached XP level 3. HP: 22/28 MP: 5/5
   211 | D:1      | Reached XP level 4. HP: 35/35 MP: 6/6
   475 | D:2      | Reached skill level 4 in Unarmed Combat
   481 | D:2      | Gained mutation: You have a pair of small horns on your
                  | head. [demonic ancestry]
   481 | D:2      | Reached XP level 5. HP: 31/40 MP: 7/7
   511 | D:2      | Found Ygir's Antique Weapon Boutique.
   770 | D:2      | Reached skill level 5 in Unarmed Combat
   879 | D:2      | Gained mutation: You are partially covered in icy blue
                  | scales. (AC +2) [demonic ancestry]
   879 | D:2      | Reached XP level 6. HP: 41/47 MP: 8/8
   973 | D:2      | Found a shattered altar of Ashenzari.
   981 | D:2      | Noticed Purgy
   991 | D:2      | Killed Purgy
   991 | D:2      | Reached skill level 6 in Unarmed Combat
   997 | D:2      | Your scales start taking on a gleaming silver colour.
   997 | D:2      | Reached XP level 7. HP: 42/52 MP: 9/9
   997 | D:2      | Gained mutation: You have a pair of horns on your head.
                  | [demonic ancestry]
   997 | D:2      | Gained mutation: Your gleaming silver scales boost your
                  | physical defenses and make you resistant to mutation.
                  | (AC++, rMut) [Silver Draconian growth]
   997 | D:2      | Gained mutation: You are strongly in touch with the powers
                  | of the earth. [Silver Draconian growth]
  1350 | D:2      | Found Leggy's Weapon Boutique.
  1930 | D:3      | Reached skill level 7 in Unarmed Combat
  2111 | D:3      | Reached XP level 8. HP: 61/63 MP: 10/10
  2203 | D:3      | Noticed Eustachio
  2214 | D:3      | Killed Eustachio
  2467 | D:3      | Reached skill level 8 in Unarmed Combat
  2774 | D:3      | Reached skill level 5 in Fighting
  2803 | D:3      | Gained mutation: A demonic guardian rushes to your aid.
                  | [demonic ancestry]
  2803 | D:3      | Reached XP level 9. HP: 57/74 MP: 11/11
  2994 | D:4      | Noticed Grum
  3011 | D:4      | Reached skill level 9 in Unarmed Combat
  3014 | D:4      | Killed Grum
  3106 | D:4      | Reached skill level 5 in Dodging
  3106 | D:4      | Noticed a troll
  3120 | D:4      | Killed a troll
  3168 | D:4      | Gained mutation: You are naturally skilled at Axes &
                  | Hammers (Aptitude +3). [draconic bloodline]
  3168 | D:4      | Reached XP level 10. HP: 70/81 MP: 12/12
  3281 | D:4      | Found a staircase to the Ecumenical Temple.
  3299 | D:4      | Reached skill level 10 in Unarmed Combat
  3321 | Temple   | Entered the Ecumenical Temple
  3737 | D:5      | Entered Level 5 of the Dungeon
  3757 | D:5      | Found a staircase to the Lair.
  3843 | D:5      | Found an ancient bone altar of Kikubaaqudgha.
  4010 | D:5      | Noticed a two-headed ogre
  4014 | D:5      | Killed a two-headed ogre
  4051 | D:5      | Found the ring of the Mage {Wiz MR++ Int+3}
  4101 | D:5      | Reached skill level 11 in Unarmed Combat
  4126 | D:5      | Found a glowing golden altar of the Shining One.
  4400 | D:5      | Gained mutation: You regenerate a little health from kills.
                  | [demonic ancestry]
  4400 | D:5      | Reached XP level 11. HP: 92/92 MP: 13/13
  4503 | D:6      | Noticed a two-headed ogre
  4510 | D:6      | Killed a two-headed ogre
  4551 | D:6      | Noticed a two-headed ogre
  4559 | D:6      | Killed a two-headed ogre
  4598 | D:6      | Found Qiraurhure's Antique Weapon Shoppe.
  4619 | D:6      | Found a staircase to the Orcish Mines.
  4642 | D:6      | Killed an unseen horror
  4936 | D:6      | Identified the +3 leather armour "Jyasuave" {*Corrode Str+3
                  | Dex+5}
  4988 | D:6      | Identified the cursed +6 rapier "Veyff" {acid, Dex+2 +Vis,
                  | (Curse: rF- MR-)}
  5096 | D:6      | Reached skill level 12 in Unarmed Combat
  5454 | D:6      | Found a white marble altar of Elyvilon.
  5689 | D:7      | Reached skill level 10 in Fighting
  5803 | D:7      | Gained mutation: You are naturally skilled at Shields
                  | (Aptitude +3). [draconic bloodline]
  5803 | D:7      | Reached XP level 12. HP: 87/103 MP: 14/14
  5857 | D:7      | Identified the +7 targe "Embalmer" {crush, MP+9 Str-5
                  | Int+8}
  5906 | D:7      | Found a shadowy altar of Dithmenos.
  5914 | D:7      | Identified the cursed ring "Pimutwif" {+Inv rPois rN+,
                  | (Curse: Fragile MR-)}
  6110 | D:7      | Noticed Louise
  6121 | D:7      | Killed Louise
  6451 | D:7      | Identified the +0 dagger "Zupei" {venom, rPois}
  6473 | D:7      | Noticed a boulder beetle
  6479 | D:7      | Killed a boulder beetle
  6479 | D:7      | Reached skill level 13 in Unarmed Combat
  6549 | D:7      | Noticed an ogre mage
  6552 | D:7      | Killed an ogre mage
  6569 | D:7      | Found a gate to the Vaults.
  6642 | D:8      | Entered Level 8 of the Dungeon
  6644 | D:8      | Noticed a fire dragon
  6652 | D:8      | Killed a fire dragon
  6709 | D:8      | Noticed Agnes
  6713 | D:8      | Killed Agnes
  6754 | D:8      | Found a frozen archway.
  6836 | IceCv    | Entered an ice cave
  6905 | IceCv    | Gained mutation: You are strongly in touch with the powers
                  | of the earth. [Silver Draconian growth]
  6905 | IceCv    | Reached XP level 13. HP: 113/113 MP: 15/15
  7003 | IceCv    | Noticed a reaper
  7008 | IceCv    | Slain by a reaper

Levels and vault maps discovered:
D:1:      minmay_arrival_four_circles, layout_rooms,
          cheibrodos_sewer_entry_sluice
D:2:      layout_sewer, lemuel_crystal_altar, first_ration, serial_shops,
          nicolae_shop_behind_doors, nicolae_shop_behind_doors,
          hangedman_abyss_or_decor_passed, minmay_mini_jars, uniq_purgy
D:3:      ossuary_due_small_catacomb, layout_basic, blue_anna_alchemist
          [blue_anna_fruit_fields, blue_anna_fruit_fields], uniq_eustachio
D:4:      layout_cave_pools, minmay_temple_entry_gardened_gates, uniq_grum
D:5:      layout_roguey, kennysheep_vampire_church, tso_metal_star,
          david_lair_shrubbed
D:6:      minmay_goldmine, layout_loops_ring, erik_orc_4, serial_shops,
          kennysheep_little_box, elyvilon_altar_4
D:7:      layout_long_grid, nicolae_dithmenos_through_a_glass_darkly,
          david_vaults_5, evilmike_butchery, uniq_louise
D:8:      grunt_enter_depths_hoard, layout_grid_maze, lemuel_crystal_altar,
          bcadren_lemuel_inverted_doored_altar, portal_ice_cave_entry_pillars_2,
          enter_trove_1, minmay_misc_feat_doors, uniq_agnes
Temple:   jpeg_temple_clearing
IceCv:    ice_cave_small_demon

Skill      XL: |  1  2  3  4  5  6  7  8  9 10 11 12 |
---------------+-------------------------------------+-----
Unarmed Combat | 2 3 4 5 6 7 8 9 11 12 13 | 13.7
Fighting       | 3 5 6 8 10 11 | 11.6
Dodging        | 3 4 5 6 7 8 |  8.7
Stealth        | |  1.3
Spellcasting   | |  1.3
Fire Magic     | |  1.5
Invocations    | |  3.0

Action                   |  1- 3 |  4- 6 |  7- 9 | 10-12 | 13-15 || total
-------------------------+-------+-------+-------+-------+-------++-------
Melee: Unarmed           |    86 |   257 |   373 |   510 |    28 ||  1254
       Tailslap          |     3 |     6 |    25 |    30 |     1 ||    65
       Headbutt          |       |    10 |    27 |    42 |     1 ||    80
 Abil: Breathe Silver Sp |       |       |       |     2 |       ||     2
Evoke: Wand              |       |       |       |       |     1 ||     1
  Use: Potion            |       |       |     1 |       |     5 ||     6
 Stab: Sleeping          |       |     2 |     7 |     3 |       ||    12
       Distracted        |       |       |     1 |     2 |       ||     3
  Eat: Chunk             |       |     1 |     8 |    11 |       ||    20
       Ration            |       |       |       |     1 |       ||     1
Armor: Skin              |    10 |    26 |    50 |    96 |       ||   182
Dodge: Dodged            |    36 |    60 |    84 |   116 |     3 ||   299
